| TOP OF THE 1ST |
|
Lodi Crushers batting - Pitching for Fresno Grizzlies : RHP Jerry Bonilla
|
|
Pitching: RHP Jerry Bonilla
|
|
|
Batting: LHB Adrian Zepeda
|
0-0: Ball 1-0: Ground out 6-3 (Groundball, 6M, EV 97.5 MPH)
|
|
Batting: LHB Francisco Jabalera
|
0-0: Ball 1-0: Ground out 5-3 (Groundball, 56, EV 90.6 MPH)
|
|
Batting: RHB Carmelo Martinez
|
0-0: Ball 1-0: Called Strike 1-1: Swinging Strike 1-2: SINGLE (Groundball, 6M, EV 103.1 MPH) (infield hit)
|
|
Batting: LHB Roger Frash
|
0-0: Ball 1-0: Swinging Strike 1-1: Foul Ball, location: 2F 1-2: Foul Ball, location: 2F 1-2: Ball 2-2: Strikes out swinging
|
| Top of the 1st over - 0 runs, 1 hit, 0 errors, 1 left on base; Lodi 0 - Fresno 0 |
| BOTTOM OF THE 1ST |
|
Fresno Grizzlies batting - Pitching for Lodi Crushers : RHP Dale Brown
|
|
Pitching: RHP Dale Brown
|
|
|
Batting: RHB Mike Jirschele
|
0-0: Ball 1-0: Ball 2-0: Ball 3-0: Called Strike 3-1: Swinging Strike 3-2: Foul Ball, location: 2F 3-2: Foul Ball, location: 2F 3-2: SINGLE (Line Drive, 8LS, EV 107.5 MPH)
|
|
Batting: LHB Roger Hill
|
0-0: Called Strike 0-1: Ball 1-1: Fly out, F4 (Popup, 4S, EV 67.5 MPH)
|
|
Batting: RHB Chris Fernandez
|
0-0: Fly out, F9 (Line Drive, 9, EV 83.8 MPH)
|
|
Batting: LHB Ron Oddo
|
0-0: Ball 1-0: Fielders Choice at 2nd, 6-4 (Groundball, 6, EV 86.3 MPH)
|
| Bottom of the 1st over - 0 runs, 1 hit, 0 errors, 1 left on base; Lodi 0 - Fresno 0 |
| TOP OF THE 2ND |
|
Lodi Crushers batting - Pitching for Fresno Grizzlies : RHP Jerry Bonilla
|
|
Batting: LHB Jeff Reed
|
0-0: Swinging Strike 0-1: Ball 1-1: Ground out 4-3 (Groundball, 34D, EV 101.3 MPH)
|
|
Batting: RHB Ron Karkovice
|
0-0: Ball 1-0: Foul Ball, location: 2F 1-1: Called Strike 1-2: Foul Ball, location: 2F 1-2: Ground out 5-3 (Groundball, 56, EV 102.5 MPH)
|
|
Batting: RHB Steve Aragon
|
0-0: Called Strike 0-1: Ball 1-1: Foul Ball, location: 2F 1-2: Ground out 6-3 (Groundball, 6, EV 106.3 MPH)
|
| Top of the 2nd over - 0 runs, 0 hits, 0 errors, 0 left on base; Lodi 0 - Fresno 0 |
| BOTTOM OF THE 2ND |
|
Fresno Grizzlies batting - Pitching for Lodi Crushers : RHP Dale Brown
|
|
Batting: RHB Tom Johnson
|
0-0: Ball 1-0: Ball 2-0: Ball 3-0: Base on Balls
|
|
Batting: RHB Mike King
|
0-0: Fly out, F6 (Popup, 56, EV 56.9 MPH)
|
|
Batting: RHB Ivan Mesa
|
0-0: Ball 1-0: Ball 2-0: SINGLE (Line Drive, 78M, EV 90.6 MPH) Tom Johnson to second
|
|
Batting: RHB Manuel McDonald
|
0-0: SINGLE (Groundball, 6MD, EV 105.6 MPH) Tom Johnson to third Ivan Mesa to second Runner from 3rd tries for Home, throw by CF and OUT! 8-2
|
|
Batting: RHB Emilio Carrasquel
|
0-0: Ball 1-0: Called Strike 1-1: Called Strike 1-2: Ball 2-2: Ball 3-2: Ground out 6-3 (Groundball, 6, EV 82.5 MPH)
|
| Bottom of the 2nd over - 0 runs, 2 hits, 0 errors, 2 left on base; Lodi 0 - Fresno 0 |
| TOP OF THE 3RD |
|
Lodi Crushers batting - Pitching for Fresno Grizzlies : RHP Jerry Bonilla
|
|
Batting: SHB Leon Baham
|
0-0: Ball 1-0: SINGLE (Line Drive, 7S, EV 105.0 MPH)
|
|
Batting: RHB Chris Baker
|
0-0: Ball 1-0: Ball 2-0: Fly out, F7 (Line Drive, 7D, EV 88.8 MPH)
|
|
Batting: LHB Adrian Zepeda
|
0-0: Called Strike Leon Baham steals 2nd base 0-1: Foul Ball, location: 2F 0-2: Ball 1-2: Foul Ball, location: 2F 1-2: SINGLE (Groundball, 6MD, EV 95.0 MPH) Leon Baham to third Runner from 3rd tries for Home, SAFE, throw by CF to home
|
|
Batting: LHB Francisco Jabalera
|
0-0: Ball 1-0: Foul Ball, location: 2F 1-1: Foul Ball, location: 2F 1-2: Fly out, F8 (Flyball, 8RD, EV 95.0 MPH)
|
|
Batting: RHB Carmelo Martinez
|
0-0: Ball Adrian Zepeda steals 2nd base 1-0: Foul Ball, location: 2F 1-1: Ball 2-1: Ball 3-1: Base on Balls
|
|
Batting: LHB Roger Frash
|
0-0: Hit by Pitch Adrian Zepeda to third Carmelo Martinez to second
|
|
Batting: LHB Jeff Reed
|
0-0: Foul Ball, location: 2F 0-1: Ground out 4-3 (Groundball, 34D, EV 89.4 MPH)
|
| Top of the 3rd over - 1 run, 2 hits, 0 errors, 3 left on base; Lodi 1 - Fresno 0 |
| BOTTOM OF THE 3RD |
|
Fresno Grizzlies batting - Pitching for Lodi Crushers : RHP Dale Brown
|
|
Batting: RHB Mike Jirschele
|
0-0: Ball 1-0: Bunted foul 1-1: SINGLE (Groundball, 6MD, EV 99.4 MPH)
|
|
Batting: LHB Roger Hill
|
0-0: Called Strike Mike Jirschele steals 2nd base 0-1: Swinging Strike 0-2: Fly out, F3 (Flyball, 3D, EV 91.3 MPH)
|
|
Batting: RHB Chris Fernandez
|
0-0: Called Strike 0-1: Ground out 6-3 (Groundball, 6, EV 89.4 MPH) Mike Jirschele to third
|
|
Batting: LHB Ron Oddo
|
0-0: Ball 1-0: Ball 2-0: Foul Ball, location: 2F 2-1: Ball 3-1: Ground out 4-3 (Groundball, 4, EV 75.6 MPH)
|
| Bottom of the 3rd over - 0 runs, 1 hit, 0 errors, 1 left on base; Lodi 1 - Fresno 0 |
| TOP OF THE 4TH |
|
Lodi Crushers batting - Pitching for Fresno Grizzlies : RHP Jerry Bonilla
|
|
Batting: RHB Ron Karkovice
|
0-0: Foul Ball, location: 2F 0-1: Ball 1-1: Ball 2-1: Ball 3-1: Foul Ball, location: 2F 3-2: Ground out 6-3 (Groundball, 6, EV 86.9 MPH)
|
|
Batting: RHB Steve Aragon
|
0-0: Foul Ball, location: 2F 0-1: Ball 1-1: Ground out 4-3 (Groundball, 4, EV 83.8 MPH)
|
|
Batting: SHB Leon Baham
|
0-0: Called Strike 0-1: Ball 1-1: Fly out, F7 (Flyball, 7LM, EV 86.3 MPH)
|
| Top of the 4th over - 0 runs, 0 hits, 0 errors, 0 left on base; Lodi 1 - Fresno 0 |
| BOTTOM OF THE 4TH |
|
Fresno Grizzlies batting - Pitching for Lodi Crushers : RHP Dale Brown
|
|
Batting: RHB Tom Johnson
|
0-0: Called Strike 0-1: DOUBLE (Flyball, 8LXD, EV 100.6 MPH)
|
|
Batting: RHB Mike King
|
0-0: Ball 1-0: Foul Ball, location: 2F 1-1: Ball 2-1: DOUBLE (Flyball, 8RXD, EV 108.1 MPH) Tom Johnson scores
|
|
Batting: RHB Ivan Mesa
|
0-0: Ball 1-0: Fly out, F8 (Flyball, 78XD, EV 93.8 MPH) Runner from 2nd tags up, SAFE at 3rd, no throw by CF
|
|
Batting: RHB Manuel McDonald
|
0-0: Called Strike 0-1: Hit by Pitch
|
|
Batting: RHB Emilio Carrasquel
|
0-0: Called Strike 0-1: Foul Ball, location: 2F 0-2: Ball 1-2: Ball 2-2: Foul Ball, location: 2F 2-2: SINGLE (Groundball, 56D, EV 98.1 MPH) Mike King scores Manuel McDonald to second
|
|
Batting: RHB Mike Jirschele
|
0-0: Foul Ball, location: 2F 0-1: Ball 1-1: Swinging Strike 1-2: Ball 2-2: Ball 3-2: Strikes out looking
|
|
Batting: LHB Roger Hill
|
0-0: Foul Ball, location: 2F 0-1: Foul Ball, location: 2F 0-2: Ground out 4-3 (Groundball, 34, EV 102.5 MPH)
|
| Bottom of the 4th over - 2 runs, 3 hits, 0 errors, 2 left on base; Lodi 1 - Fresno 2 |
| TOP OF THE 5TH |
|
Lodi Crushers batting - Pitching for Fresno Grizzlies : RHP Jerry Bonilla
|
|
Batting: RHB Chris Baker
|
0-0: Foul Ball, location: 2F 0-1: Ball 1-1: Called Strike 1-2: Ball 2-2: Strikes out looking
|
|
Batting: LHB Adrian Zepeda
|
0-0: SOLO HOME RUN (Flyball, 9LD, EV 108.1 MPH), Distance : 362 ft
|
|
Batting: LHB Francisco Jabalera
|
0-0: Foul Ball, location: 2F 0-1: Foul Ball, location: 2F 0-2: Ball 1-2: Ball 2-2: Foul Ball, location: 2F 2-2: Foul Ball, location: 2F 2-2: Reached on error, E6 (Groundball, 6M, EV 86.9 MPH)
|
|
Batting: RHB Carmelo Martinez
|
0-0: Ball 1-0: Fly out, F9 (Line Drive, 9, EV 96.3 MPH)
|
|
Batting: LHB Roger Frash
|
0-0: Called Strike Francisco Jabalera steals 2nd base (no throw) 0-1: Fly out, F8 (Flyball, 78D, EV 100.6 MPH)
|
| Top of the 5th over - 1 run, 1 hit, 1 error, 1 left on base; Lodi 2 - Fresno 2 |
| BOTTOM OF THE 5TH |
|
Fresno Grizzlies batting - Pitching for Lodi Crushers : RHP Dale Brown
|
|
Batting: RHB Chris Fernandez
|
0-0: Ball 1-0: Called Strike 1-1: Ball 2-1: Foul Ball, location: 2F 2-2: Foul Ball, location: 2F 2-2: Foul Ball, location: 2F 2-2: Foul Ball, location: 2F 2-2: Strikes out looking
|
|
Batting: LHB Ron Oddo
|
0-0: Ball 1-0: Ball 2-0: Foul Ball, location: 2F 2-1: Foul Ball, location: 2F 2-2: Ball 3-2: Foul Ball, location: 2F 3-2: SINGLE (Line Drive, 78S, EV 87.5 MPH)
|
|
Batting: RHB Tom Johnson
|
0-0: SINGLE (Line Drive, 78M, EV 105.0 MPH) Ron Oddo to second
|
|
Batting: RHB Mike King
|
0-0: DOUBLE (Line Drive, 3D, EV 100.6 MPH) Ron Oddo scores Tom Johnson to third
|
|
Batting: RHB Ivan Mesa
|
0-0: Swinging Strike 0-1: Swinging Strike 0-2: Ball 1-2: Foul Ball, location: 2F 1-2: Foul Ball, location: 2F 1-2: Strikes out swinging
|
|
Batting: RHB Manuel McDonald
|
0-0: Swinging Strike 0-1: Fly out, F8 (Flyball, 78M, EV 88.8 MPH)
|
| Bottom of the 5th over - 1 run, 3 hits, 0 errors, 2 left on base; Lodi 2 - Fresno 3 |
| TOP OF THE 6TH |
|
Lodi Crushers batting - Pitching for Fresno Grizzlies : RHP Jerry Bonilla
|
|
Batting: LHB Jeff Reed
|
0-0: Foul Ball, location: 2F 0-1: Ball 1-1: Called Strike 1-2: Ball 2-2: Ball 3-2: Base on Balls
|
|
Batting: RHB Ron Karkovice
|
0-0: Ball 1-0: Foul Ball, location: 2F 1-1: Ball 2-1: Foul Ball, location: 2F 2-2: SINGLE (Groundball, 4S, EV 75.0 MPH) (infield hit) Jeff Reed to second
|
|
Batting: RHB Steve Aragon
|
0-0: Bunt missed! 0-1: Bunt missed! 0-2: Fly out, F8 (Flyball, 8RM, EV 83.1 MPH)
|
|
Pitching: LHP Steven King
|
|
|
Batting: SHB Leon Baham
|
0-0: Fielders Choice at 2nd, 4-6 (Groundball, 4M, EV 80.0 MPH) Jeff Reed to third
|
|
Batting: RHB Chris Baker
|
0-0: Ball 1-0: Ball 2-0: Ball 3-0: Base on Balls Leon Baham to second
|
|
Batting: LHB Adrian Zepeda
|
0-0: Ball 1-0: Ball Wild Pitch! Jeff Reed scores Leon Baham to third Chris Baker to second 2-0: Intentional Walk
|
|
Batting: LHB Francisco Jabalera
|
0-0: Foul Ball, location: 2F 0-1: Ball 1-1: Ball 2-1: Ball 3-1: Base on Balls Leon Baham scores Chris Baker to third Adrian Zepeda to second
|
|
Batting: RHB Carmelo Martinez
|
0-0: Ball 1-0: Called Strike 1-1: Foul Ball, location: 2F 1-2: Ball 2-2: Ball 3-2: Ground out 1-3 (Groundball, 13S, EV 76.3 MPH)
|
| Top of the 6th over - 2 runs, 1 hit, 0 errors, 3 left on base; Lodi 4 - Fresno 3 |
| BOTTOM OF THE 6TH |
|
Fresno Grizzlies batting - Pitching for Lodi Crushers : RHP Dale Brown
|
|
Batting: RHB Emilio Carrasquel
|
0-0: Called Strike 0-1: Foul Ball, location: 2F 0-2: Foul Ball, location: 2F 0-2: Reached on error, E6 (Groundball, 6S, EV 74.4 MPH)
|
|
Pitching: RHP Freddie Toliver
|
|
|
Batting: RHB Mike Jirschele
|
0-0: Sac Bunt to 3S - play at first, batter OUT! 3-1 Emilio Carrasquel to second
|
|
Batting: LHB Roger Hill
|
0-0: Ball 1-0: Swinging Strike 1-1: Called Strike 1-2: Ball 2-2: Ground out 3-1 (Groundball, 34, EV 101.9 MPH) Emilio Carrasquel to third
|
|
Batting: RHB Chris Fernandez
|
0-0: Foul Ball, location: 2F 0-1: Foul Ball, location: 2F 0-2: Strikes out swinging
|
| Bottom of the 6th over - 0 runs, 0 hits, 1 error, 1 left on base; Lodi 4 - Fresno 3 |
| TOP OF THE 7TH |
|
Lodi Crushers batting - Pitching for Fresno Grizzlies : LHP Steven King
|
|
Batting: LHB Roger Frash
|
0-0: Foul Ball, location: 2F 0-1: SINGLE (Line Drive, 4MD, EV 96.9 MPH)
|
|
Batting: LHB Jeff Reed
|
0-0: Ball 1-0: Called Strike 1-1: Ball 2-1: Ball 3-1: Swinging Strike 3-2: Foul Ball, location: 2F 3-2: SINGLE (Groundball, 34D, EV 108.1 MPH) Roger Frash to second Runner from 2nd tries for 3rd, OUT! 9-5
|
|
Pitching: RHP Larry Wright
|
|
|
Batting: RHB Ron Karkovice
|
0-0: DOUBLE (Flyball, 8LXD, EV 100.6 MPH) Jeff Reed to third Runner from 3rd tries for Home, SAFE, no throw by CF
|
|
Batting: RHB Steve Aragon
|
0-0: Ball 1-0: Foul Ball, location: 2F 1-1: Fly out, F7 (Flyball, 7LS, EV 91.3 MPH)
|
|
Batting: SHB Leon Baham
|
0-0: Ball 1-0: Ball 2-0: Called Strike 2-1: Foul Ball, location: 2F 2-2: Fly out, F8 (Flyball, 78D, EV 101.3 MPH)
|
| Top of the 7th over - 1 run, 3 hits, 0 errors, 1 left on base; Lodi 5 - Fresno 3 |
| BOTTOM OF THE 7TH |
|
Fresno Grizzlies batting - Pitching for Lodi Crushers : RHP Freddie Toliver
|
|
Batting: LHB Ron Oddo
|
0-0: Ball 1-0: Ball 2-0: Foul Ball, location: 2F 2-1: Ball 3-1: Called Strike 3-2: Base on Balls
|
|
Batting: RHB Tom Johnson
|
0-0: Called Strike 0-1: Ball 1-1: Foul Ball, location: 2F 1-2: Strikes out looking
|
|
Batting: RHB Mike King
|
0-0: Ball 1-0: Ball 2-0: Grounds into double play, 5-4-3 (Groundball, 56, EV 83.1 MPH)
|
| Bottom of the 7th over - 0 runs, 0 hits, 0 errors, 0 left on base; Lodi 5 - Fresno 3 |
| TOP OF THE 8TH |
|
Lodi Crushers batting - Pitching for Fresno Grizzlies : RHP Larry Wright
|
|
Batting: RHB Chris Baker
|
0-0: Ball 1-0: Ball 2-0: Ball 3-0: Base on Balls
|
|
Batting: LHB Adrian Zepeda
|
0-0: Bunted foul 0-1: Ball 1-1: Bunt missed! 1-2: Grounds into double play, 4-6-3 (Groundball, 4, EV 79.4 MPH)
|
|
Batting: LHB Francisco Jabalera
|
0-0: Fly out, F9 (Line Drive, 9, EV 104.4 MPH)
|
| Top of the 8th over - 0 runs, 0 hits, 0 errors, 0 left on base; Lodi 5 - Fresno 3 |
| BOTTOM OF THE 8TH |
|
Fresno Grizzlies batting - Pitching for Lodi Crushers : RHP Freddie Toliver
|
|
Batting: RHB Ivan Mesa
|
0-0: Ball 1-0: Foul Ball, location: 2F 1-1: Ball 2-1: Foul Ball, location: 2F 2-2: Foul Ball, location: 2F 2-2: Ground out 5-3 (Groundball, 5, EV 77.5 MPH)
|
|
Batting: RHB Manuel McDonald
|
0-0: Ball 1-0: Ground out 4-3 (Groundball, 4MD, EV 83.1 MPH)
|
|
Batting: RHB Emilio Carrasquel
|
0-0: Ball 1-0: Ball 2-0: Called Strike 2-1: Fly out, F8 (Line Drive, 8RM, EV 93.8 MPH)
|
| Bottom of the 8th over - 0 runs, 0 hits, 0 errors, 0 left on base; Lodi 5 - Fresno 3 |
| TOP OF THE 9TH |
|
Lodi Crushers batting - Pitching for Fresno Grizzlies : RHP Larry Wright
|
|
Batting: RHB Carmelo Martinez
|
0-0: Ball 1-0: Ball 2-0: Ball 3-0: Called Strike 3-1: DOUBLE (Line Drive, 89D, EV 101.9 MPH)
|
|
Batting: LHB Roger Frash
|
0-0: Ball 1-0: Foul Ball, location: 2F 1-1: Ball 2-1: Ground out U3 (Groundball, 3L, EV 103.1 MPH) Carmelo Martinez to third
|
|
Batting: LHB Jeff Reed
|
0-0: Intentional Walk
|
|
Pitching: RHP Chuck McKinney
|
|
|
Batting: RHB Ron Karkovice
|
0-0: Foul Ball, location: 2F 0-1: 3-RUN HOME RUN (Flyball, 78XD, EV 112.5 MPH), Distance : 419 ft
|
|
Batting: RHB Steve Aragon
|
0-0: Foul Ball, location: 2F 0-1: Swinging Strike 0-2: Ground out 6-3 (Groundball, 6, EV 84.4 MPH)
|
|
Batting: SHB Leon Baham
|
0-0: Called Strike 0-1: Fly out, F3 (Popup, 3F, EV 71.9 MPH)
|
| Top of the 9th over - 3 runs, 2 hits, 0 errors, 0 left on base; Lodi 8 - Fresno 3 |
| BOTTOM OF THE 9TH |
|
Fresno Grizzlies batting - Pitching for Lodi Crushers : RHP Freddie Toliver
|
|
Batting: RHB Mike Jirschele
|
0-0: Ball 1-0: Called Strike 1-1: Swinging Strike 1-2: Ball 2-2: Fly out, F7 (Flyball, 7, EV 96.3 MPH)
|
|
Batting: LHB Roger Hill
|
0-0: Ball 1-0: Called Strike 1-1: Called Strike 1-2: Ball 2-2: Fly out, F9 (Flyball, 9S, EV 88.1 MPH)
|
|
Batting: RHB Chris Fernandez
|
0-0: Ball 1-0: Ground out 6-3 (Groundball, 6, EV 101.9 MPH)
|
| Bottom of the 9th over - 0 runs, 0 hits, 0 errors, 0 left on base; Lodi 8 - Fresno 3 |
|